 Dungeon Crawl Stone Soup version 0.23-a0-814-g91b4073 (console) character file.

11816 bli the Martial Artist (level 11, 0/85 HPs)
             Began as a Demonspawn Monk on Jan 20, 2019.
             Was a High Priest of Dithmenos.
             Slain by a wraith (7 damage)
             ... led by Josephine
             ... on level 10 of the Dungeon on Jan 21, 2019.
             The game lasted 00:45:06 (9061 turns).

bli the Martial Artist (Demonspawn Monk)            Turns: 9061, Time: 00:45:08

Health: 0/85       AC:  8    Str: 12    XL:     11   Next: 54%
Magic:  0/14       EV: 19    Int: 11    God:    Dithmenos [*****.]
Gold:   612        SH:  0    Dex: 19    Spells: 12/14 levels left

rFire    + + .     SeeInvis .     - Unarmed
rCold    + + .     Gourm    .   (no shield)
rNeg     . . .     Faith    .   R - +2 robe {rC+}
rPois    .         Spirit   +   (no helmet)
rElec    .         Reflect  .   U - scarf {rC+ rF+}
rCorr    .         Harm     .   g - +0 pair of gloves
MR       .....                  (boots unavailable)
Stlth    +++++.....             o - amulet of the acrobat
HPRegen  0.24/turn              P - ring of protection from fire
MPRegen  0.14/turn              W - +3 ring of slaying

@: slowed, wreathed by umbra, drained, very slow
A: hooves 3, slimy green scales 2, spiny 1, magic shield
a: Shadow Step, Shadow Form, Renounce Religion


You were on level 10 of the Dungeon.
You worshipped Dithmenos.
Dithmenos was extremely pleased with you.
You were hungry.

You visited 1 branch of the dungeon, and saw 10 of its levels.

You collected 728 gold pieces.
You spent 116 gold pieces at shops.

Inventory:

Hand Weapons
 p - a +0 hunting sling
 w - a +3 war axe of freezing
 y - a +1 dagger of protection
 E - a +3 quarterstaff of chaos
 G - a +2 hand axe of electrocution
 Y - a +2 hand axe of chopping
Missiles
 e - 494 stones (quivered)
 l - 5 needles of confusion
 q - 6 needles of paralysis
 z - 9 tomahawks
 B - 35 sling bullets
 M - 2 curare-tipped needles
Armour
 g - a +0 pair of gloves (worn)
 t - a +0 robe of magic resistance
 u - a +0 pair of gloves
 F - a +2 cloak of invisibility
 R - a +2 robe of cold resistance (worn)
 U - a scarf of resistance (worn)
Jewellery
 o - an amulet of the acrobat (around neck)
 r - an uncursed amulet of magic regeneration
 P - a ring of protection from fire (left hand)
 W - a +3 ring of slaying (right hand)
Wands
 J - a wand of flame (23)
 K - a wand of enslavement (7)
 Z - a wand of clouds (3)
Scrolls
 f - 3 scrolls of teleportation {unknown}
 i - 4 scrolls of random uselessness {unknown}
 j - 2 scrolls of noise {unknown}
 n - a scroll of enchant armour {unknown}
 s - 3 scrolls of amnesia
 v - 3 scrolls of immolation {unknown}
 x - 5 scrolls of remove curse
 A - 3 scrolls of fog
 D - a scroll of blinking {unknown}
 O - a scroll of summoning {unknown}
 S - a scroll of acquirement {unknown}
 T - 2 scrolls of enchant weapon
Potions
 d - a potion of haste
 h - a potion of ambrosia
 k - 5 potions of agility
 m - a potion of heal wounds
 C - a potion of might
 H - 8 potions of curing
 I - a potion of resistance {unknown}
 L - a potion of brilliance {unknown}
 N - a potion of lignification
 V - a potion of magic
 X - a potion of berserk rage
Miscellaneous
 c - a sack of spiders
 Q - a phantom mirror
Comestibles
 b - 20 rations


   Skills:
 * Level 7.7(7.6) Fighting
 - Level 4.0 Throwing
 + Level 8.5(8.4) Dodging
 + Level 6.1(6.0) Stealth
 + Level 12.2(12.0) Unarmed Combat
 * Level 2.2(2.1) Spellcasting
 + Level 2.0(1.9) Translocations
 + Level 2.1(2.0) Invocations
 + Level 0.2(0.1) Evocations


You had 12 spell levels left.
You knew the following spells:

 Your Spells              Type           Power        Failure   Level  Hunger
B - Blink                 Tloc           N/A          19%         2    ###....

Your spell library contained the following spells:

 Spells                   Type           Power        Failure   Level  Hunger
 Magic Dart               Conj           #...         28%         1    ##.....
 Sandblast                Erth           #.....       28%         1    ##.....
 Call Imp                 Summ           #.......     41%         2    ###....
 Passwall                 Tmut/Erth      #.......     41%         2    ###....
 Slow                     Hex            #.......     41%         2    ###....
 Conjure Flame            Conj/Fire      #.......     65%         3    ####...
 Mephitic Cloud           Conj/Pois/Air  #.......     65%         3    ####...
 Stone Arrow              Conj/Erth      #.....       65%         3    ####...
 Petrify                  Tmut/Erth      #.......     96%         4    #####..
 Lee's Rapid Deconstruct  Erth           #.........   100%        5    ######.


Dungeon Overview and Level Annotations

Branches:
Dungeon (10/15)            Temple (0/1) D:5
   Lair: D:8-11         Orc: D:9-12

Altars:
Ashenzari
Dithmenos
Fedhas
Gozag
Hepliaklqana
Okawaru
Sif Muna
Trog
Uskayaw
Vehumet
Wu Jian
Yredelemnul
The Shining One

Shops:
D:8 *   D:9 %


Innate Abilities, Weirdness & Mutations

You have hooves in place of feet.
You are mostly covered in slimy green scales. (AC +3)
You are partially covered in sharp spines.
When hurt, damage is shared between your health and your magic reserves.


Message History

* * * LOW HITPOINT WARNING * * *
The wraith hits you.
* * * LOW HITPOINT WARNING * * *
The wraith drains your vigour!
You feel as though you will be slow longer.
The wraith completely misses you. Josephine is struck by your spines.
You kill Josephine!
Dithmenos accepts your kill.
Okay, then.
Unknown command.
Casting: Blink (safe; 19% risk of failure)
Confirm with . or Enter, or press ? or * to list all spells.
You blink.
The wraith hits you.
* * * LOW HITPOINT WARNING * * *
The wraith drains your vigour!
You feel as though you will be slow longer.
The wraith hits you!
* * * LOW HITPOINT WARNING * * *
The wraith hits you!
You die...

#...........................
#...........................
#...........................
######.....###########...........
...........#.........#........##'
...........#.........#...######..
.###########.######..#...#.......
.#...........#....#..#...#.......
.#...........#....#..#####.......
.####........#W.W.#..............
....#........#§W@.#..............
....#........#....#..............
....#........'....#..............
....#........'....#..............
....#........######..............
.####..................#####.....
.#.....................#...#.....
.'.....................#...#.....
.#.....................'...#.....
.#.................>...#...#.....
.#.....................#.(.#.....


You could see 3 wraiths.

Vanquished Creatures
  Josephine (D:10)
  2 two-headed ogres (D:8)
  Pikel (D:6)
  A deep elf mage (D:8)
  2 trolls
  2 hippogriffs
  2 wyverns (D:10)
  3 yaks (D:10)
  2 hungry ghosts
  3 water moccasins (D:8)
  5 ice beasts
  3 sky beasts
  2 phantoms
  An orc warrior (D:7)
  2 black bears
  4 slaves
  4 ogres
  A necrophage (D:10)
  3 centaurs
  A crocodile (D:10)
  8 bullfrogs
  A big kobold (D:9)
  A scorpion (D:6)
  5 killer bees (D:7)
  7 wights
  2 crimson imps
  A bullfrog zombie (D:8)
  4 hounds
  Crazy Yiuf (D:3)
  3 orc priests
  A jelly (D:5)
  3 orc wizards
  4 centaur skeletons
  An iguana (D:4)
  7 worker ants
  2 killer bee zombies
  A hound zombie (D:10)
  A hound skeleton (D:4)
  A worker ant zombie (D:6)
  4 gnolls (D:8)
  13 adders
  3 shadow imps
  An ooze (D:2)
  An adder zombie (D:6)
  3 worms
  3 dart slugs (D:1)
  6 leopard geckos
  28 orcs
  9 giant cockroaches
  11 hobgoblins
  9 jackals
  2 ball pythons (D:2)
  8 bats
  4 frilled lizards
  9 goblins
  13 kobolds
  A quokka skeleton (D:6)
  4 rats
231 creatures vanquished.

Vanquished Creatures (others)
  A sky beast (D:8)
  An orc (D:8)
2 creatures vanquished.

Grand Total: 233 creatures vanquished

Notes
Turn   | Place    | Note
-------+----------+-------------------------------------------
     0 | D:1      | bli the Demonspawn Monk began the quest for the Orb.
     0 | D:1      | Reached XP level 1. HP: 18/18 MP: 1/1
   183 | D:1      | Reached skill level 3 in Unarmed Combat
   306 | D:1      | Gained mutation: When hurt, damage is shared between your
                  | health and your magic reserves. [demonic ancestry]
   306 | D:1      | Reached XP level 2. HP: 9/24 MP: 2/2
  1090 | D:1      | Gained mutation: You are partially covered in slimy green
                  | scales. (AC +2) [demonic ancestry]
  1090 | D:1      | Reached XP level 3. HP: 26/29 MP: 3/3
  1447 | D:2      | Found a glowing golden altar of the Shining One.
  1509 | D:2      | Reached skill level 4 in Unarmed Combat
  1754 | D:2      | Reached XP level 4. HP: 27/35 MP: 4/4
  2492 | D:3      | Reached XP level 5. HP: 37/41 MP: 3/5
  2514 | D:3      | Found an iron altar of Okawaru.
  2570 | D:3      | Found a shattered altar of Ashenzari.
  2586 | D:3      | Reached skill level 5 in Unarmed Combat
  2687 | D:3      | Found a blossoming altar of Fedhas.
  2687 | D:3      | Found a shadowy altar of Dithmenos.
  2694 | D:3      | Became a worshipper of Dithmenos the Shadowed
  2694 | D:3      | Reached * piety under Dithmenos
  2694 | D:3      | Reached ** piety under Dithmenos
  2738 | D:3      | Found a hide-covered altar of Uskayaw.
  2872 | D:3      | Found a runed door.
  2904 | D:3      | Noticed Crazy Yiuf
  2947 | D:3      | Killed Crazy Yiuf
  3116 | D:4      | Found a radiant altar of Vehumet.
  3117 | D:4      | Noticed an ogre
  3143 | D:4      | Gained mutation: You are mostly covered in slimy green
                  | scales. (AC +3) [demonic ancestry]
  3143 | D:4      | Reached XP level 6. HP: 12/47 MP: 6/6
  3158 | D:4      | Reached skill level 6 in Unarmed Combat
  3995 | D:4      | Gained mutation: You have large cloven feet. [demonic
                  | ancestry]
  3995 | D:4      | Reached XP level 7. HP: 47/52 MP: 7/7
  4298 | D:5      | Entered Level 5 of the Dungeon
  4316 | D:5      | Found a staircase to the Ecumenical Temple.
  4427 | D:5      | Reached skill level 7 in Unarmed Combat
  4626 | D:5      | Reached skill level 1 in Throwing
  4691 | D:5      | Found a hazy altar of Hepliaklqana.
  4728 | D:5      | Reached *** piety under Dithmenos
  5098 | D:6      | Noticed Pikel
  5133 | D:6      | Killed Pikel
  5133 | D:6      | Reached skill level 8 in Unarmed Combat
  5133 | D:6      | Gained mutation: You have hoof-like feet. [demonic
                  | ancestry]
  5133 | D:6      | Reached XP level 8. HP: 53/61 MP: 8/8
  5302 | D:6      | Found an opulent altar of Gozag.
  5468 | D:6      | Found a deep blue altar of Sif Muna.
  5583 | D:7      | Noticed a hippogriff
  5596 | D:6      | Killed a hippogriff
  5596 | D:6      | Reached skill level 9 in Unarmed Combat
  5667 | D:7      | Reached skill level 5 in Fighting
  5667 | D:7      | Reached skill level 1 in Invocations
  5667 | D:7      | Reached XP level 9. HP: 46/68 MP: 6/9
  5714 | D:7      | You fall through a shaft!
  5986 | D:8      | Reached skill level 5 in Stealth
  5986 | D:8      | Reached skill level 11 in Unarmed Combat
  5986 | D:8      | Gained mutation: You have hooves in place of feet. [demonic
                  | ancestry]
  5986 | D:8      | Reached XP level 10. HP: 52/79 MP: 11/11
  6187 | D:8      | Noticed a two-headed ogre
  6201 | D:8      | Noticed a deep elf mage
  6703 | D:7      | Found a basalt altar of Yredelemnul.
  6884 | D:7      | Found a bloodstained altar of Trog.
  6913 | D:7      | Found an ornate altar of the Wu Jian Council.
  7078 | D:8      | Killed a two-headed ogre
  7190 | D:8      | Killed a deep elf mage
  7309 | D:8      | Learned a level 2 spell: Blink
  7372 | D:8      | Noticed a two-headed ogre
  7383 | D:8      | Killed a two-headed ogre
  7383 | D:8      | Reached **** piety under Dithmenos
  7383 | D:8      | Gained mutation: You are partially covered in sharp spines.
                  | [demonic ancestry]
  7383 | D:8      | Reached XP level 11. HP: 68/84 MP: 9/12
  7452 | D:8      | Found Iwuczi's Assorted Antiques.
  7475 | D:8      | Bought a scroll of identify for 58 gold pieces
  7475 | D:8      | Bought a scroll of identify for 58 gold pieces
  7532 | D:9      | Reached skill level 1 in Translocations
  7580 | D:9      | Reached skill level 1 in Spellcasting
  7727 | D:9      | Upgraded the game from 0.23-a0-808-gd21de94 to
                  | 0.23-a0-814-g91b4073
  8000 | D:9      | Found Avis's Food Boutique.
  8175 | D:10     | Entered Level 10 of the Dungeon
  8523 | D:10     | Reached skill level 12 in Unarmed Combat
  8713 | D:10     | Reached ***** piety under Dithmenos
  9031 | D:10     | Noticed Josephine
  9060 | D:10     | Killed Josephine
  9061 | D:10     | Slain by a wraith

Vault maps used:
D:1:      minmay_arrival_stair_chambers
D:2:      tso_altar, first_ration, minmay_ruptured
D:3:      old_standard_altar, lemuel_round_altar, okawaru_gym_becter,
          gammafunk_temple_overflow_elements, uniq_crazy_yiuf_cottage
D:4:      overflow_temple_1_default
D:5:      old_standard_altar, minmay_temple_entry_junction_2,
          grunt_decor_mini_mirrors
D:6:      nicolae_gozag_seed_capital, kennysheep_little_box, uniq_pikel
D:7:      minmay_general_purpose_star, lemuel_doored_altar,
          trog_ov_bears_minmay, basic_altar
D:8:      serial_shops, nicolae_shop_waterfront
D:9:      serial_shops, nicolae_shop_waterfront
D:10:     uniq_josephine

Skill      XL: |  1  2  3  4  5  6  7  8  9 10 11 |
---------------+----------------------------------+-----
Unarmed Combat | 3 4 5 6 8 9 11 12 | 12.2
Dodging        | 3 4 7 8 |  8.5
Stealth        | 2 5 6 |  6.1
Throwing       | 2 3 4 |  4.0
Fighting       | 4 5 7 |  7.7
Invocations    | 1 2 |  2.1
Translocations | 2 |  2.0
Spellcasting   | 2 |  2.2
Evocations     | |  0.2

Action                   |  1- 3 |  4- 6 |  7- 9 | 10-12 || total
-------------------------+-------+-------+-------+-------++-------
Melee: Unarmed           |   189 |   290 |   217 |   217 ||   913
       Punch             |     3 |     5 |    14 |     9 ||    31
       Kick              |       |       |    68 |    70 ||   138
Throw: Stone             |     1 |     9 |     4 |    14 ||    28
       Tomahawk          |       |    15 |    64 |    13 ||    92
 Cast: Blink             |       |       |       |     1 ||     1
Invok: Shadow Step       |       |       |       |     1 ||     1
Evoke: Wand              |       |       |       |     2 ||     2
  Use: Potion            |       |     1 |     1 |     1 ||     3
       Scroll            |       |       |     7 |     6 ||    13
 Stab: Sleeping          |     3 |     1 |     2 |     8 ||    14
       Distracted        |     1 |     1 |       |       ||     2
  Eat: Chunk             |     3 |     7 |     7 |     9 ||    26
Armor: Robe              |    30 |    64 |       |    13 ||   107
       Leather armour    |       |     8 |    52 |     9 ||    69
Dodge: Dodged            |   115 |   184 |   140 |   200 ||   639

Table legend:
 A = Non-vault XP
 B = Vault XP
 C = Vault XP percentage of total XP
 D = Non-vault monster count
 E = Vault monster count
 F = Vault count percentage of total count
                 A         B        C        D         E       F
            +---------+---------+-------+---------+---------+-------
      Total |   11543 |    1884 |  14.0 |     217 |      11 |   4.8
            +---------+---------+-------+---------+---------+-------
        D:1 |      47 |       0 |   0.0 |      24 |       0 |   0.0
        D:2 |      70 |       8 |  10.3 |      26 |       3 |  10.3
        D:3 |     169 |      41 |  19.5 |      27 |       1 |   3.6
        D:4 |     436 |       0 |   0.0 |      20 |       0 |   0.0
        D:5 |     354 |       0 |   0.0 |      14 |       0 |   0.0
        D:6 |     845 |     629 |  42.7 |      10 |       1 |   9.1
        D:7 |    1312 |     240 |  15.5 |      15 |       5 |  25.0
        D:8 |    3749 |       0 |   0.0 |      26 |       0 |   0.0
        D:9 |    1418 |       0 |   0.0 |      31 |       0 |   0.0
       D:10 |    3143 |     966 |  23.5 |      24 |       1 |   4.0
            +---------+---------+-------+---------+---------+-------
